 Dungeon Crawl Stone Soup version 0.32-a0-900-g30fb1b0edc (webtiles) character file.

Game seed: 16028957448758432207

1 bronco the Grave Robber (level 1, -3/14 HPs)
             Began as a Mountain Dwarf Necromancer on Apr 5, 2024.
             Slain by a hobgoblin (5 damage)
             ... on level 1 of the Dungeon.
             The game lasted 00:00:18 (107 turns).

bronco the Grave Robber (Mountain Dwarf Necromancer) Turns: 107, Time: 00:00:19

Health: -3/14      AC:  2    Str: 10    XL:     1   Next: 16%
Magic:  0/3        EV: 10    Int: 15    God:
Gold:   9          SH:  0    Dex: 10    Spells: 2/3 levels left

rFire   . . .        (no weapon)
rCold   . . .        (no shield)
rNeg    . . .        a - +0 robe
rPois   .            (no helmet)
rElec   .            (no cloak)
rCorr   .            (no gloves)
SInv    .            (no boots)
Will    .....        (no amulet)
Stlth   ++           (no ring)
HPRegen 0.22/turn    (no ring)
MPRegen 0.08/turn

%: no passive effects
@: no status effects
A: runic magic, artefact enchanting
a: no special abilities


You were on level 1 of the Dungeon.
You visited 1 branch of the dungeon, and saw 1 of its levels.

You collected 9 gold pieces.

Inventory:

Missiles
 c - a stone
Armour
 a - a +0 robe (worn)
Potions
 b - a potion of magic
 d - 2 potions of enlightenment {unknown}


   Skills:
 - Level 1.3 Dodging
 - Level 1.4 Stealth
 - Level 1.7 Spellcasting
 + Level 4.4 Necromancy


You had 2 spell levels left.
You knew the following spells:

 Your Spells              Type           Power      Damage    Failure   Level
a - Necrotise             Necr           56%        1d6       3%          1

Your spell library contained the following spells:

 Spells                   Type           Power      Damage    Failure   Level
 Vampiric Draining        Necr           14%        2d7       11%         3
 Animate Dead             Necr           14%        N/A       34%         4
 Tukima's Dance           Hex            1%         N/A       56%         3
 Curse of Agony           Necr           14%        N/A       69%         5
 Passage of Golubria      Tloc           1%         N/A       92%         4
 Yara's Violent Unravell  Hex/Alch       0%         3d3       99%         5


Dungeon Overview and Level Annotations

Branches:
Dungeon (1/15)

Altars:


Innate Abilities, Weirdness & Mutations

Your spellcasting is much less encumbered by armour.
You can use scrolls of enchantment on lesser artefacts.


Message History

The quokka bites you.
You hit the quokka.
You kill the quokka!
No target in view!
HP restored.
Magic restored.
You see here a quokka corpse.
Found a scale mail.
You see here a quokka corpse.
You see here a quokka corpse.
A hobgoblin comes into view.
The hobgoblin shouts!
You hear a loud squeak.
You miscast Necrotise.
You are very lightly contaminated with residual magic.
Nothing appears to happen.
The hobgoblin barely misses you.
The hobgoblin barely resists.
The hobgoblin hits you.
The hobgoblin writhes in agony.
The hobgoblin closely misses you.
You are out of magic!
You are out of magic!
You hit the hobgoblin but do no damage.
The hobgoblin is heavily wounded.
The hobgoblin hits you.
You hit the hobgoblin.
The hobgoblin is severely wounded.
The hobgoblin hits you.
You hit the hobgoblin but do no damage.
The hobgoblin is severely wounded.
A rat comes into view.
The hobgoblin hits you.
* * * LOW HITPOINT WARNING * * *
The rat squeaks loudly.
You hit the hobgoblin but do no damage.
The hobgoblin is severely wounded.
The hobgoblin hits you.
* * * LOW HITPOINT WARNING * * *
Your magical contamination has completely faded away.
You hit the hobgoblin but do no damage.
The hobgoblin is severely wounded.
The hobgoblin hits you.
You die...

### #.# ##..# #.#
#...# # #.#
##...#.# #.#
##...#.### ##.##
ß#.......# .r.
.....##..# #g#
ß#...##..# #@#
##.......## #.#
##....#...######.#
#....>..........#
##...##.##.######
###.# ##.....#
#...## ##.###.#
###..#.###.####.##
.....##...........


You could see a hobgoblin and a rat.

Vanquished Creatures
  A quokka (D:1)
1 creature vanquished.

Notes
Turn   | Place    | Note
-------+----------+-------------------------------------------
     0 | D:1      | bronco the Mountain Dwarf Necromancer began the quest for
                  | the Orb.
     0 | D:1      | Reached XP level 1. HP: 14/14 MP: 3/3
   107 | D:1      | Slain by a hobgoblin

Illustrated notes

Levels and vault maps discovered:
D:1:      erik_arrival_orb_chamber, layout_loops_ring, serial_shops,
          nicolae_shop_hallway_plus, amcnicky_mini_pool_small

Action                     || total
---------------------------++-------
  Melee: Unarmed           ||     6
   Cast: Necrotise         ||     5
 Armour: Robe              ||     7
  Dodge: Dodged            ||     4

Table legend: (Time is in decaauts)
 A = Elapsed time spent in this place.
 B = Non-inter-level travel time spent in this place.
 C = Inter-level travel time spent in this place.
 D = Time resting spent in this place.
 E = Time spent auto-exploring this place.
 F = Levels seen in this place.
 G = Mean time per level.
                   A        B        C        D        E       F      G
               +--------+--------+--------+--------+--------+-----+--------+
         Total |    107 |    100 |      7 |      0 |     79 |   1 |  107.0 |
       Dungeon |    107 |    100 |      7 |      0 |     79 |   1 |  107.0 |
               +--------+--------+--------+--------+--------+-----+--------+

Top non-repeatable levels by time:
     D:1: 107 daAuts
